groovejumper, neutral female human Wizard ---------------- |..............| |...)..........| ##...............| # -.-------.------ ------- ### ######### |.....|### # # ### #......| # ---.-- # #### ###|<..^.| ##.....| # 0## # # #|....%| |.....#### ---------------- -----# -------.--- ##% -------####.....| # |..............| |....## |.......[.|################### |....| ### |..............| |...|## |......[...#)#@a[# ------ # |..............| |...+#### |.......).|# ##-..............| |...| # |.........|# ---------------- |.... ####..(.....>.|# |....#######-----------# ----- ############## groovejumper the Thaumaturge Experience level: 8 Strength: 13 Dexterity: 15 Constitution: 16 Intelligence: 18 Wisdom: 11 Charisma: 10 Health: 0(60) Energy: 47(78) AC: 6 Gold: 1489 Moves: 4960 Your Inventory: Coins $ - 1489 gold pieces Weapons a - a blessed +1 quarterstaff (weapon in hands) Armor b - an uncursed +1 cloak of magic resistance (being worn) K - a blessed +1 pair of jumping boots (being worn) Comestibles C - an [uncursed] lizard corpse S - 5 [uncursed] food rations Scrolls k - an uncursed scroll of confuse monster m - an [uncursed] unlabeled scroll [of blank paper] q - an uncursed scroll of gold detection r - an uncursed scroll of light y - an [uncursed] scroll of create monster A - an uncursed scroll of create monster G - an uncursed scroll of charging H - a [blessed] scroll labeled FOOBIE BLETCH [of destroy armor] P - a blessed scroll of remove curse U - an uncursed scroll of magic mapping W - an uncursed scroll of scare monster Spellbooks i - a [blessed] spellbook of haste self l - a blessed spellbook of force bolt s - an [uncursed] spellbook of magic missile N - an [uncursed] spellbook of dig Potions f - an uncursed clear potion [of water] g - an uncursed potion of see invisible h - an uncursed clear potion [of water] F - an uncursed clear potion [of water] L - an uncursed clear potion [of water] O - a [cursed] silver potion [of enlightenment] R - an [uncursed] golden potion [of invisibility] T - a [blessed] soapy potion [of fruit juice] Z - an [uncursed] dark green potion [of sickness] Rings d - an uncursed ring of invisibility e - an uncursed +2 ring of gain constitution o - an uncursed ring of stealth t - a cursed -2 ring of adornment B - a cursed ring of polymorph Q - an uncursed ring of sustain ability Wands c - an uncursed wand of create monster (0:11) u - an uncursed wand of striking (0:5) v - an uncursed wand of striking (0:6) z - an [uncursed] mithril wand [of locking (0:8)] D - an [uncursed] mahogany wand [of teleportation (0:5)] E - an [uncursed] wand of polymorph [0:4] M - an [uncursed] wand of speed monster [0:5] V - an uncursed wand of secret door detection (0:13) X - an uncursed wand of opening (0:5) Y - an uncursed wand of polymorph (0:5) Tools n - an uncursed blindfold p - an [uncursed] key [skeleton key] J - an [uncursed] blindfold Spells known in the end: Name Level Category Fail Memory a - force bolt 1 attack 0% [|||||||.] b - light 1 divination 0% [|||||||.] c - slow monster 2 enchantment 0% [|||||||.] d - magic missile 2 attack 0% [|||||||.] e - detect monsters 1 divination 0% [|||||||.] f - dig 5 matter 100% [|||||||.] g - haste self 3 escape 77% [||||||||] Your skills at the end: Fighting Skills Weapon Skills quarterstaff [Basic / Expert] Spellcasting Skills attack spells [Skilled / Expert] enchantment spells [Basic / Skilled] Final Attributes: You were piously aligned. Hunger level was 176. Your alignment was 34 / 34. Monster difficulty range was 1 - 7. Level difficulty was 6. You were magic-protected. You were telepathic. You could jump. You were fast. Your luck was zero. You are dead. Vanquished creatures: a chameleon an orc-captain a dwarf mummy a lizard a Woodland-elf 3 fire ants a wood nymph an enormous rat 2 yellow lights a gnome lord a black naga hatchling a barrow wight an elf zombie a paper golem 4 giant ants 7 floating eyes a kitten 2 dwarves a homunculus 2 hill orcs 2 rothes 2 rabid rats a giant bat a dwarf zombie a wererat a werejackal an iguana an acid blob 2 hobbits a hobgoblin 3 giant rats 2 cave spiders a brown mold a yellow mold a green mold 2 gnomes 7 garter snakes a gnome zombie 2 geckos 5 jackals a fox 3 sewer rats 5 grid bugs 2 bats 5 lichens a kobold zombie 4 newts 93 creatures vanquished. Voluntary challenges: You used a wielded weapon 91 times. You read items or engraved 28 times. You put on armor 2 times. You never genocided any monsters. You polymorphed 1 item. You never changed form. You used no wishes. You wrote Elbereth's name 11 times. You never encountered a bones level. You never used any Sokoban shortcuts. Dungeon overview: The Dungeons of Doom: levels 1 to 7 Level 1 a fountain a long staircase Level 2 a long staircase Level 4 a general store, a fountain Level 5 a sink Level 6 <- You were here Level 7 many fountains History has recorded: On T:1 you entered the Dungeons of Doom to retrieve the Amulet of Yendor! On T:564 you reached level 2 of The Dungeons of Doom. On T:567 you advanced to experience level 2. On T:708 you advanced to experience level 3. On T:902 you reached level 3 of The Dungeons of Doom. On T:1307 you advanced to experience level 4. On T:1489 you reached level 4 of The Dungeons of Doom. On T:1741 you advanced to experience level 5. On T:2355 you advanced to experience level 6. On T:2454 you reached level 5 of The Dungeons of Doom. On T:3311 you advanced to experience level 7. On T:3602 you reached level 6 of The Dungeons of Doom. On T:3911 you reached level 7 of The Dungeons of Doom. On T:4030 you received advice from The Oracle. On T:4661 you advanced to experience level 8. Latest messages: You stop waiting. The fire ant bites! (2x) [HP-4=19] [10 turns] You miss the fire ant. The fire ant bites! (2x) [HP-4=15] The spell misses the fire ant. The fire ant bites! (4x) [HP-7=8] The spell misses the fire ant. The spell hits the fire ant! The fire ant resists! The fire ant bites! (2x) [HP-6=2] The spell misses the fire ant. The fire ant bites! You die... Final status: Goodbye groovejumper the Wizard... You died in The Dungeons of Doom on dungeon level 6 with 6835 points, and 1489 pieces of gold, after 4960 moves. You were level 8 with a maximum of 60 hit points when you died.